Map: Para Site LE

Players

Mesrob - Winner!

  • Race: Terran Terran
  • League: Gold
  • Spawn Location: 5:00

BRUJO

  • Race: Terran Terran
  • Spawn Location: 11:00

VOD

Have the link to the VOD?

Description

Time

  • Played on: Jan. 11, 2019, 7:55 p.m.
  • Length: 10:36
Show
View Real Time Build Order
Export as new Build Order

Mesrob Terran - Winner!

Build Orders: Mech 

Get SALT Encoding   

  12  0:01  SCV  
  13  0:13  SCV  
  14  0:18  Supply Depot  
  14  0:25  SCV  
  15  0:39  SCV  
  15  0:42  Barracks  
  16  0:52  SCV  
  16  0:53  Refinery  
  17  1:04  SCV  
  18  1:16  SCV  
  19  1:29  Orbital Command  
  19  1:36  Command Center  
  19  1:38  Marine  
  20  1:50  Bunker  
  20  1:55  SCV  
  21  2:06  Factory  
  21  2:07  SCV  
  22  2:10  Barracks Tech Lab  
  21  2:40  SCV  
  21  2:41  Refinery  
  22  2:51  Marine  
  22  2:52  SCV  
  24  2:59  Siege Tank  
  24  3:02  Engineering Bay  
  27  3:10  Marine, Supply Depot  
  28  3:23  SCV  
  28  3:26  Orbital Command  
  29  3:28  Supply Depot  
  29  3:32  Supply Depot  
  29  3:35  SCV  
  29  3:37  Marine  
  29  3:38  Siege Tank  
  34  3:47  SCV  
  35  3:54  Armory  
  35  3:59  SCV  
  35  4:01  Refinery  
  36  4:03  SCV  
  36  4:09  Missile Turret  
  37  4:11  SCV  
  37  4:15  SCV  
  39  4:23  SCV  
  40  4:27  SCV  
  41  4:34  Missile Turret  
  41  4:35  SCV  
  41  4:38  Siege Tank  
  45  4:43  SCV  
  46  4:48  SCV  
  46  4:49  Missile Turret  
  47  4:55  Marine, SCV  
  49  5:00  SCV  
  49  5:01  Terran Vehicle Weapons Level 1  
  49  5:06  Factory  
  50  5:14  Missile Turret  
  50  5:30  Thor  
  56  5:35  Refinery  
  55  5:52  Factory  
  55  5:56  Missile Turret  
  55  6:07  SCV x2  
  57  6:16  Missile Turret  
  57  6:19  SCV x2  
  59  6:31  SCV  
  60  6:36  Missile Turret  
  60  6:52  Factory Tech Lab, Factory Reactor  
  60  6:56  Missile Turret  
  60  7:03  Supply Depot  
  60  7:16  Missile Turret  
  60  7:24  Thor  
  60  7:28  Supply Depot  
  66  7:30  Hellbat x2  
  70  7:38  Missile Turret  
  70  7:49  Thor  
  70  7:50  SCV x2  
  70  7:51  Supply Depot  
  78  7:55  Supply Depot  
  78  7:56  Command Center  
  78  8:01  Missile Turret  
  78  8:02  SCV  
  78  8:11  Missile Turret  
  78  8:12  Thor  
  85  8:13  Hellbat  
  85  8:14  Supply Depot  
  85  8:17  Hellbat  
  85  8:18  Supply Depot  
  87  8:29  Missile Turret  
  87  8:32  Missile Turret  
  79  8:50  Missile Turret  
  75  8:56  Thor x2  
  75  8:58  Hellbat x2  
  91  9:11  Missile Turret  
  91  9:19  Hellbat  
  93  9:24  Command Center  
  93  9:39  Thor x2  
  103  10:03  Hellbat x2  
Show
View Real Time Build Order
Export as new Build Order

BRUJO Terran 

Build Orders:  

Get SALT Encoding   

  12  0:03  SCV  
  13  0:15  SCV  
  14  0:22  Supply Depot  
  14  0:28  SCV  
  15  0:43  SCV  
  15  0:49  Barracks  
  16  0:55  Refinery, SCV  
  17  1:07  SCV  
  18  1:13  Supply Depot  
  18  1:19  SCV  
  18  1:22  Refinery  
  19  1:32  SCV  
  20  1:42  Reaper  
  21  2:06  Factory  
  21  2:18  Barracks Tech Lab  
  21  2:28  Barracks Tech Lab  
  21  2:43  Command Center  
  21  2:59  Barracks Tech Lab  
  21  3:03  Orbital Command  
  21  3:09  Siege Tank  
  24  3:21  Supply Depot  
  24  3:23  Combat Shield  
  24  3:25  Marine  
  24  3:42  Siege Tank  
  27  3:54  Marine  
  28  4:07  SCV  
  28  4:09  Orbital Command  
  29  4:12  Marine  
  30  4:21  Barracks  
  30  4:23  Barracks  
  30  4:29  Marine  
  31  4:40  SCV x2  
  33  4:47  Marine  
  33  4:49  Siege Tank  
  33  4:52  SCV x2  
  39  5:04  SCV x2  
  41  5:09  Marine  
  41  5:11  Marine  
  41  5:13  Stimpack  
  43  5:16  SCV x2  
  45  5:24  Engineering Bay  
  45  5:28  SCV x2  
  47  5:30  Barracks Reactor x2  
  47  5:36  Infernal Pre-Igniter  
  47  5:40  SCV x2  
  49  5:52  Marine, SCV x2  
  52  5:59  Supply Depot  
  52  6:01  Supply Depot  
  52  6:05  Supply Depot  
  52  6:07  Supply Depot  
  52  6:09  Marine, Terran Infantry Armor Level 1  
  53  6:12  Refinery  
  53  6:30  Marine x2  
  53  6:31  Marine  
  56  7:04  Starport  
  56  7:05  Starport  
  56  7:09  Hellion x2  
  56  7:15  Marine x4  
  64  7:33  Marine x2  
  66  7:40  Marine x2  
  66  7:42  Command Center  
  66  7:44  Hellion x2  
  72  7:51  Marine x2  
  73  7:52  SCV x2  
  73  7:57  Marine  
  73  7:58  Marine  
  78  8:04  SCV x2  
  78  8:05  Hellion x2  
  84  8:08  Marine  
  84  8:09  Marine  
  86  8:16  SCV  
  51  9:02  SCV  
  51  9:03  SCV  
  51  9:04  Marine x2  
  51  9:05  Marine x2  
  56  9:12  Widow Mine x2  
  56  9:14  SCV  
  56  9:15  SCV  
  62  9:22  Marine x4  
  66  9:26  Starport Tech Lab x2  
  66  9:27  SCV  
  68  9:31  SCV  
  68  9:33  Orbital Command  
  68  9:34  Widow Mine x2  
  72  9:39  SCV  
  72  9:40  Marine x2  
  72  9:43  SCV  
  71  9:51  SCV  
  67  9:55  Widow Mine x2, SCV  
  69  10:03  SCV  
  69  10:07  SCV  
  70  10:15  SCV  
  70  10:19  SCV  
Tags
 
Composition
Mech
League
Gold
Matchup
TvT
Race
Terran
Replay Pack
sc2 replays
Spawn Locations
Cross Positions
Add a new tag
Caveats
  • Supply blocks, unpowered buildings, or Contaminate may cause inaccurate times.
  • Supply counts are checked every 10 seconds.